 Dungeon Crawl Stone Soup version 0.21.0-24-g2553a33 (console) character file.

5656 nht the Grappler (level 10, -5/153 HPs)
             Began as a Troll Berserker on Jan 21, 2018.
             Was an Elder of Trog.
             Slain by Snorg (18 damage)
             ... on level 10 of the Dungeon.
             The game lasted 00:08:59 (6459 turns).

nht the Grappler (Troll Berserker)                  Turns: 6459, Time: 00:09:00

Health: -5/153     AC:  5    Str: 33    XL:     10   Next: 46%
Magic:  10/10      EV: 10    Int:  5    God:    Trog [****..]
Gold:   563        SH:  0    Dex:  9    Spells: 9/9 levels left

rFire    + . .     SeeInvis .     - Unarmed
rCold    + + .     Gourm    +   (no shield)
rNeg     . . .     Faith    .   a - +0 animal skin
rPois    .         Spirit   .   (helmet restricted)
rElec    .         Reflect  .   x - scarf {rC+ rF+}
rCorr    +         Harm     .   (gloves unavailable)
MR       .....                  (boots unavailable)
Stlth    ..........             (no amulet)
HPRegen  0.75/turn              q - ring of protection from cold
MPRegen  0.12/turn              y - ring of resist corrosion

@: berserking (expiring), very quick
A: large, unfitting armour, claws 3, horns 1, fast metabolism 3, gourmand, high
mp 1, regeneration 1, shaggy fur 1, tough skin 2, wild magic 1
a: Berserk, Trog's Hand, Brothers in Arms, Burn Spellbooks, Renounce Religion


You were on level 10 of the Dungeon.
You worshipped Trog.
Trog was greatly pleased with you.
You were not hungry.

You visited 1 branch of the dungeon, and saw 10 of its levels.

You collected 563 gold pieces.

Inventory:

Missiles
 c - 11 javelins
 i - 3 javelins of penetration
 j - 12 tomahawks (quivered)
Armour
 a - a +0 animal skin (worn)
 x - a scarf of resistance (worn)
Jewellery
 q - a ring of protection from cold (left claw)
 y - a ring of resist corrosion (right claw)
Wands
 g - a wand of paralysis (5)
 n - a wand of random effects (59)
 t - a wand of digging (18)
 u - a wand of flame (35)
 w - a wand of polymorph (18)
Scrolls
 m - 2 scrolls of teleportation
 o - 4 scrolls of remove curse
 v - a scroll of identify
Potions
 d - 2 potions of invisibility
 e - 4 potions of cancellation
 h - 3 potions of heal wounds
 k - 3 potions of magic {unknown}
 p - a potion of curing
 r - 3 potions of might
 s - a potion of brilliance
Books
 f - Sif Muna's Incunabulum of the Mountains and Lightness
   (You found it on level 7 of the Dungeon)

   Spells                             Type                      Level
   a - Shock                          Conjuration/Air              1
   b - Sandblast                      Earth                        1
   c - Passwall                       Transmutation/Earth          2
   d - Lightning Bolt                 Conjuration/Air              5
   e - Borgnjor's Vile Clutch         Necromancy/Earth             5
   f - Iron Shot                      Conjuration/Earth            6
   Trog disapproves of the use of such an item.
Comestibles
 b - 21 rations


   Skills:
 + Level 7.0 Fighting
 + Level 7.1 Throwing
 - Level 2.4 Dodging
 * Level 11.4 Unarmed Combat


You had 9 spell levels left.
You didn't know any spells.

Dungeon Overview and Level Annotations

Branches:
Dungeon (10/15)            Temple (0/1) D:6
   Lair: D:8-11         Orc: D:9-12

Altars:
Ashenzari
Cheibriados
Dithmenos
Fedhas
Gozag
Kikubaaqudgha
Nemelex Xobeh
Okawaru
Qazlal
Sif Muna
Vehumet
Wu Jian
Yredelemnul
Zin

Shops:
D:9 *

Annotations:
D:9 1 runed door
D:10 Snorg


Innate Abilities, Weirdness & Mutations

You are too large for most types of armour.
You have claws for hands.
Your metabolism is lightning-fast.
You like to eat raw meat.
Your natural rate of healing is unusually fast.
You are covered in fur. (AC +1)
You have very tough skin. (AC +2)
You have a pair of small horns on your head.
You have an increased reservoir of magic. (+10% MP)
Your spells are a little harder to cast, but a little more powerful.


Message History

Snorg is lightly wounded.
Snorg barely misses you. Snorg claws you! Snorg barely misses you.
You mangle Snorg!!
Snorg is moderately wounded.
Snorg bites you but does no damage. Snorg claws you!
Snorg claws you but does no damage.
You claw Snorg!
Snorg is moderately wounded.
Snorg bites you. Snorg claws you.
* * * LOW HITPOINT WARNING * * *
Snorg claws you.
* * * LOW HITPOINT WARNING * * *
You eviscerate Snorg!!!
Snorg is severely wounded.
Snorg bites you!
* * * LOW HITPOINT WARNING * * *
Snorg claws you!
* * * LOW HITPOINT WARNING * * *
Snorg claws you!!
You die...

█............█...
█............█ .
█............█
█..
█...Y........█
█..█
█.██.......(.█
█..█ █.█
.........█ █..█
█.█ .........█
█.(█ █.█ .......
█..█ █.█ ...████
█..███.█ ...█
█....@T█ ..█
█......█ ..>█
█.███..█ ...█ █.█
█..██...█ █.█
█.......█ █.█
█.......█ █.█
█..<██..█ █.█
█...█ .... █.█
█...█ ... █.█
█...█ .. █.█
█...█ █


You could see Snorg (berserk).

Vanquished Creatures
  A two-headed ogre (D:9)
  The ghost of HEYYEYAAE the Digger, a novice DgEE (D:7)
  An ugly thing (D:9)
  Joseph (D:9)
  Psyche (D:9)
  A troll (D:9)
  2 hornets
  Sigmund (D:6)
  6 yaks
  Edmund (D:6)
  A sky beast (D:7)
  3 ice beasts
  A centaur (D:9)
  A big kobold (D:8)
  2 bullfrogs
  A scorpion (D:7)
  5 wights (D:8)
  2 crimson imps (D:6)
  A centaur zombie (D:8)
  2 hounds
  4 jellies
  A quasit (D:8)
  An iguana (D:6)
  2 orc wizards
  7 worker ants
  A hound zombie (D:4)
  2 worker ant zombies
  14 gnolls
  8 adders
  2 shadow imps
  4 oozes
  3 adder zombies
  A worm (D:5)
  A dart slug (D:1)
  4 leopard geckos
  28 orcs
  3 ball pythons
  A bat (D:1)
  7 giant cockroaches
  7 goblins
  9 hobgoblins
  8 kobolds
  4 quokkas
  4 frilled lizards
  6 rats
167 creatures vanquished.

Notes
Turn   | Place    | Note
-------+----------+-------------------------------------------
     0 | D:1      | nht the Troll Berserker began the quest for the Orb.
     0 | D:1      | Reached XP level 1. HP: 22/22 MP: 0/0
   118 | D:1      | Reached XP level 2. HP: 29/29 MP: 1/1
   296 | D:1      | Reached ** piety under Trog
   296 | D:1      | Reached skill level 1 in Throwing
   296 | D:1      | Reached XP level 3. HP: 31/36 MP: 2/2
   519 | D:2      | Reached skill level 4 in Unarmed Combat
   564 | D:2      | Reached XP level 4. HP: 31/44 MP: 3/3
   572 | D:2      | HP: 3/67 [gnoll/spear (2)]
   691 | D:2      | Found an iron altar of Okawaru.
   714 | D:2      | Reached XP level 5. HP: 31/53 MP: 4/4
  1134 | D:2      | You fall through a shaft for 2 floors!
  1500 | D:3      | Reached *** piety under Trog
  1700 | D:3      | Reached skill level 5 in Unarmed Combat
  2187 | D:4      | Found a blossoming altar of Fedhas.
  2857 | D:5      | Entered Level 5 of the Dungeon
  2919 | D:5      | Reached XP level 6. HP: 61/61 MP: 5/5
  2923 | D:5      | Noticed an ice beast
  2928 | D:5      | Killed an ice beast
  3495 | D:6      | Noticed Sigmund
  3508 | D:6      | Killed Sigmund
  3508 | D:6      | Reached skill level 6 in Unarmed Combat
  3508 | D:6      | Reached XP level 7. HP: 43/68 MP: 6/6
  3515 | D:6      | Found a deep blue altar of Sif Muna.
  3515 | D:6      | Found an ancient bone altar of Kikubaaqudgha.
  3639 | D:6      | Found the +3 salamander hide armour {+Rage rF++}
  3673 | D:6      | Found a shadowy altar of Dithmenos.
  3866 | D:6      | Noticed Edmund
  3878 | D:6      | Killed Edmund
  3878 | D:6      | Reached skill level 7 in Unarmed Combat
  3883 | D:6      | Found a staircase to the Ecumenical Temple.
  3898 | D:6      | Reached **** piety under Trog
  3898 | D:6      | Reached XP level 8. HP: 68/79 MP: 7/7
  4076 | D:6      | Found a sparkling altar of Nemelex Xobeh.
  4078 | D:6      | Found a radiant altar of Vehumet.
  4079 | D:6      | Found a stormy altar of Qazlal.
  4128 | D:7      | Noticed a hornet
  4135 | D:7      | Killed a hornet
  4192 | D:7      | Noticed HEYYEYAAE's ghost (novice DgEE)
  4199 | D:7      | Killed HEYYEYAAE's ghost
  4199 | D:7      | Reached skill level 5 in Fighting
  4199 | D:7      | Reached skill level 8 in Unarmed Combat
  4255 | D:7      | Found a basalt altar of Yredelemnul.
  4381 | D:7      | Reached skill level 5 in Throwing
  4397 | D:7      | Identified Sif Muna's Incunabulum of the Mountains and Lightness
  4903 | D:8      | Reached XP level 9. HP: 87/88 MP: 8/8
  4907 | D:8      | Reached skill level 9 in Unarmed Combat
  5030 | D:8      | Found an opulent altar of Gozag.
  5039 | D:8      | Found a shadowy altar of Dithmenos.
  5299 | D:8      | Found an ornate altar of the Wu Jian Council.
  5445 | D:9      | Noticed Psyche
  5570 | D:9      | Found a snail-covered altar of Cheibriados.
  5639 | D:9      | Found Zin's Purification Station.
  5641 | D:9      | Found a glowing silver altar of Zin.
  5695 | D:9      | Found a shattered altar of Ashenzari.
  5695 | D:9      | Noticed a troll
  5696 | D:9      | Noticed a two-headed ogre
  5703 | D:9      | Paralysed by a hornet for 1 turns
  5714 | D:9      | Received a gift from Trog
  5724 | D:9      | Killed a two-headed ogre
  5724 | D:9      | Reached skill level 10 in Unarmed Combat
  5737 | D:9      | Killed a troll
  5801 | D:9      | Killed Psyche
  5801 | D:9      | Reached XP level 10. HP: 69/100 MP: 9/9
  5806 | D:9      | Noticed Joseph
  5816 | D:9      | Killed Joseph
  5890 | D:9      | Noticed a cyan ugly thing
  5896 | D:9      | Killed a cyan ugly thing
  5896 | D:9      | Reached skill level 11 in Unarmed Combat
  6006 | D:9      | Found a runed door.
  6006 | D:9      | Noticed a wolf spider
  6006 | D:9      | Noticed a deep troll
  6006 | D:9      | Noticed a purple very ugly thing
  6008 | D:9      | Noticed an orc high priest
  6008 | D:9      | Noticed a deep elf knight
  6008 | D:9      | Noticed a catoblepas
  6008 | D:9      | Noticed a yaktaur captain
  6337 | D:10     | Entered Level 10 of the Dungeon
  6337 | D:10     | Noticed Snorg
  6338 | D:10     | Gained mutation: You have a pair of small horns on your head. [potion of mutation]
  6338 | D:10     | Gained mutation: You have an increased reservoir of magic. (+10% MP) [potion of mutation]
  6338 | D:10     | Gained mutation: Your spells are a little harder to cast, but a little more powerful. [potion of mutation]
  6459 | D:10     | Slain by Snorg

Skill      XL: |  1  2  3  4  5  6  7  8  9 10 |
---------------+-------------------------------+-----
Throwing       | 1 2 3 5 6 7 |  7.1
Unarmed Combat | 4 5 6 7 8 10 11 | 11.4
Fighting       | 3 4 5 6 7 |  7.0
Dodging        | |  2.4

Action                   |  1- 3 |  4- 6 |  7- 9 | 10-12 || total
-------------------------+-------+-------+-------+-------++-------
Melee: Unarmed           |    77 |   180 |   183 |    50 ||   490
       Punch             |     1 |     6 |     5 |     4 ||    16
       Headbutt          |       |       |       |     6 ||     6
Throw: Tomahawk          |       |     1 |       |       ||     1
Invok: Berserk           |     1 |     5 |     4 |     2 ||    12
       Trog's Hand       |       |     1 |       |       ||     1
Evoke: Wand              |       |       |     5 |     4 ||     9
  Use: Scroll            |       |     8 |     5 |       ||    13
       Potion            |       |       |     5 |     2 ||     7
 Stab: Sleeping          |       |     1 |       |     1 ||     2
       Paralysed         |       |       |       |     4 ||     4
  Eat: Chunk             |    11 |    30 |    21 |     2 ||    64
       Ration            |       |       |     2 |       ||     2
Armor: Animal skin       |    24 |    44 |    34 |     3 ||   105
Dodge: Dodged            |    37 |    77 |    76 |    15 ||   205
